 Dungeon Sprint DCSS version 0.20.1-1-g8b1a95d (webtiles) character file.

1200000 digijack the Middleweight Champion (level 16, -13/106 HPs)
             Began as an Octopode Transmuter on Oct 8, 2017.
             Was a Believer of Makhleb.
             Mangled by a meat berserker
             ... wielding a +9 battleaxe
              (59 damage)
             ... in the Dungeon (Sprint VIII: "Arena of Blood").
             The game lasted 00:01:25 (12 turns).

digijack the Middleweight Champion (OpTm)             Turns: 12, Time: 00:01:26

Health: -13/106    AC:  1    Str: 15    XL:     16   Next: 6%
Magic:  3/39       EV: 24    Int: 16    God:    Makhleb [**....]
Gold:   0          SH:  0    Dex: 13    Spells: 52/53 levels left

rFire    . . .     SeeInvis .   j - +∞ Axe of Woe
rCold    . . .     Gourm    .   (shield currently unavailable)
rNeg     . . .     Faith    .   (helmet restricted)
rPois    .         Spirit   .   (no amulet)
rElec    .         Reflect  .   (no ring)
rCorr    .         Harm     .   (no ring)
MR       +....     NoTele   +   (no ring)
Stlth    ++........             (no ring)
Regen    0.3/turn               (no ring)
MPRegen  0.3/turn               (no ring)
                                (no ring)
                                (no ring)

@: appendage
A: almost no armour, stealthy swim, amphibious, 8 rings, constrict 8, tentacle
spike 3, camouflage 1, gelatinous body 1
a: End Transformation, Minor Destruction, Renounce Religion


You were in the Dungeon.
You worshipped Makhleb.
Makhleb was pleased with you.
You were not hungry.
One of your tentacles had a temporary spike.
You visited 1 branch

Inventory:

Hand Weapons
 j - the +∞ Axe of Woe (weapon)
   (You found it in the Dungeon)
Missiles
 a - 12 arrows
Scrolls
 i - a scroll of blinking
Potions
 d - a potion of curing
 f - a potion of haste
 g - 2 potions of magic
 h - a potion of berserk rage
Books
 b - a book of Changes

   Spells                             Type                      Level
   a - Beastly Appendage              Transmutation                1
   b - Sticks to Snakes               Transmutation                2
   c - Spider Form                    Transmutation/Poison         3
   d - Ice Form                       Ice/Transmutation            4
   e - Blade Hands                    Transmutation                5
Comestibles
 c - a bread ration


   Skills:
 + Level 8.4 Fighting
 + Level 10.9 Axes
 + Level 17.7 Dodging
 O Level 27 Unarmed Combat
 + Level 19.0 Spellcasting
 + Level 18.1 Transmutations


You had 52 spell levels left.
You knew the following spells:

 Your Spells              Type           Power        Failure   Level  Hunger
a - Beastly Appendage     Tmut           ######       0%          1    None


Dungeon Overview and Level Annotations

Branches:
Dungeon (1/1)

Altars:
Makhleb


Innate Abilities, Weirdness & Mutations

You cannot wear most types of armour.
You are very stealthy in the water. (Stealth+)
You are amphibious.
You can wear up to eight rings at the same time.
You can use your tentacles to constrict eight enemies at once.
Your skin changes colour to match your surroundings (Stealth+).
Your rubbery body absorbs attacks. (AC +1, EV +1)
One of your tentacles bears a large vicious spike.


Message History

You feel much better.
The bag of meat shouts!
You hear a shout! x6 3 orcs come into view.
The bag of meat shouts! x2
You slash the bag of meat!
You dissect the bag of meat like a pig carcass.
You kill the bag of meat!
Makhleb accepts your kill.
Your Fighting skill increases to level 8!
Your Axes skill increases to level 10!
Your Dodging skill increases to level 17!
Your Spellcasting skill gained 2 levels and is now at level 19!
Your Transmutations skill increases to level 18!
You have reached level 16!
You hear a shout! x2
The bag of meat moves out of view.
You hear a shout!
The meat berserker hits you with a +9 battleaxe!!!
Ouch! That really hurt!
You die...

#.. .# #... ..# .
.###... ..###.
........###......
#.. ....._.....
.... #.....#
..... #_.<._# .
......#.....#....
#.....)@O_.......
......))###......
...###.o. ..###.
.. #.... ..#
#oo... .#
...o.....
....o..o.
o.........


You could see a meat berserker (berserk) and 7 bags of meat.

Vanquished Creatures
  An ogre (D)
  5 orcs (D)
6 creatures vanquished.

Notes
Turn   | Place    | Note
-------+----------+-------------------------------------------
     0 | D        | digijack the Octopode Transmuter began the quest for the Orb.
     0 | D        | Reached XP level 1. HP: 13/13 MP: 3/3
     4 | D        | Noticed a bag of meat
     4 | D        | Became a worshipper of Makhleb the Destroyer
     5 | D        | Noticed a bag of meat
     6 | D        | Noticed a meat berserker
     6 | D        | Noticed a bag of meat
     7 | D        | Noticed a bag of meat
     7 | D        | Noticed a bag of meat
     8 | D        | Killed a bag of meat
     8 | D        | Reached skill level 5 in Axes
     8 | D        | Reached skill level 19 in Unarmed Combat
     8 | D        | Reached XP level 2. HP: 22/22 MP: 2/14
     8 | D        | Reached XP level 3. HP: 27/27 MP: 2/16
     8 | D        | Reached XP level 4. HP: 33/33 MP: 2/17
     8 | D        | Reached XP level 5. HP: 37/37 MP: 2/19
     8 | D        | Reached XP level 6. HP: 43/43 MP: 2/20
     8 | D        | Reached XP level 7. HP: 48/48 MP: 2/22
     8 | D        | Reached XP level 8. HP: 54/54 MP: 2/23
     8 | D        | Reached XP level 9. HP: 58/58 MP: 2/24
     8 | D        | Reached XP level 10. HP: 64/64 MP: 2/25
     8 | D        | Reached XP level 11. HP: 69/69 MP: 2/26
     8 | D        | Reached XP level 12. HP: 74/74 MP: 2/27
     9 | D        | Noticed a bag of meat
     9 | D        | Noticed a bag of meat
     9 | D        | Killed a meat berserker
     9 | D        | Reached * piety under Makhleb
     9 | D        | Reached skill level 5 in Fighting
     9 | D        | Reached skill level 24 in Unarmed Combat
     9 | D        | Reached XP level 13. HP: 48/82 MP: 2/31
     9 | D        | Reached XP level 14. HP: 51/88 MP: 2/32
     9 | D        | Killed a bag of meat
     9 | D        | Reached skill level 25 in Unarmed Combat
     9 | D        | Reached skill level 15 in Spellcasting
     9 | D        | Reached skill level 15 in Transmutations
     9 | D        | Killed a bag of meat
     9 | D        | Reached skill level 15 in Dodging
     9 | D        | Reached skill level 26 in Unarmed Combat
     9 | D        | Reached XP level 15. HP: 55/94 MP: 2/35
    10 | D        | Reached ** piety under Makhleb
    10 | D        | Reached skill level 27 in Unarmed Combat
    11 | D        | Noticed a meat berserker
    12 | D        | Reached skill level 10 in Axes
    12 | D        | Reached XP level 16. HP: 45/106 MP: 3/39
    12 | D        | Mangled by a meat berserker

Skill      XL: |  1  2  3  4  5  6  7  8  9 10 11 12 13 14 15 |
---------------+----------------------------------------------+-----
Fighting       | 4 5 6 8 |  8.4
Axes           | 5 6 8 10 | 10.9
Dodging        | 11 13 15 17 | 17.7
Unarmed Combat | 19 24 26 27 | 27.0
Spellcasting   | 11 14 16 19 | 19.0
Transmutations | 11 14 15 18 | 18.1

Action                   |  1- 3 |  4- 6 |  7- 9 | 10-12 | 13-15 | 16-18 || total
-------------------------+-------+-------+-------+-------+-------+-------++-------
Melee: Executioner's axe |     1 |       |       |     1 |     2 |       ||     4
 Cast: Beastly Appendage |     1 |       |       |       |       |       ||     1
  Use: Potion            |       |       |       |       |     1 |       ||     1
